 Dungeon Crawl Stone Soup version 0.18.1-1-g2f07953 (webtiles) character file.

2716 shinino the Basher (level 9, -21/51 HPs)
             Began as a Gargoyle Fighter on May 6, 2016.
             Was a Follower of Fedhas.
             Killed from afar by an ice statue (30 damage)
             ... with a bolt of cold
             ... on level 10 of the Dungeon.
             The game lasted 00:29:30 (5989 turns).

shinino the Basher (Gargoyle Fighter)               Turns: 5989, Time: 00:29:30

Health: -21/51     AC: 16    Str: 19    XL:     9   Next: 66%
Magic:  15/15      EV:  5    Int: 10    God:    Fedhas [*.....]
Gold:   549        SH: 16    Dex: 18    Spells: 0 memorised, 8 levels left

rFire  + . .     SeeInvis +     O - +6 mace "Dej Mou" {crush, rF+}
rCold  . . .     Gourm    .     b - +0 scale mail
rNeg   + . .     Faith    .     k - +2 large shield
rPois  ∞         Spirit   .     g - +2 hat
rElec  +         Dismiss  .     w - +0 cloak
rCorr  .         Reflect  .     (no gloves)
SustAt .         Harm     .     a - +0 pair of boots
MR     .....                    (no amulet)
Stlth  ..........               N - +6 ring of dexterity
                                B - ring of see invisible

@: not resistant to hostile enchantments, extremely unstealthy
A: negative energy resistance 1, electricity resistance, unbreathing,
petrification resistance, rot immunity, AC +5
a: Evolution, Renounce Religion


You were on level 10 of the Dungeon.
You worshipped Fedhas.
Fedhas was aware of your devotion.
You were not hungry.

You visited 1 branch of the dungeon, and saw 8 of its levels.
You also visited: Ossuary.

You collected 598 gold pieces.
You spent 49 gold pieces at shops.

Inventory:

Hand Weapons
 O - the +6 mace "Dej Mou" (weapon) {crush, rF+}
   (You found it on level 7 of the Dungeon)

   It inflicts extra damage upon your enemies.
   It protects you from fire.
Armour
 a - a +0 pair of boots (worn)
 b - a +0 scale mail (worn)
 g - a +2 hat (worn)
 k - a +2 large shield (worn)
 w - a +0 cloak (worn)
Jewellery
 B - a ring of see invisible (left hand)
 K - an uncursed ring of positive energy
 N - a +6 ring of dexterity (right hand)
Wands
 y - a wand of polymorph (12/24)
Scrolls
 i - 3 scrolls of remove curse
 j - 3 scrolls of teleportation
 l - 2 scrolls of magic mapping {unknown}
 n - 4 scrolls of amnesia
 q - 2 scrolls of random uselessness {unknown}
 t - a scroll of fear
 x - a scroll of enchant armour {unknown}
 L - a scroll of fog {unknown}
Potions
 c - a potion of ambrosia {unknown}
 d - 2 potions of might
 e - 2 potions of cure mutation {unknown}
 h - 2 potions of heal wounds {unknown}
 m - 2 potions of haste {unknown}
 o - a potion of berserk rage {unknown}
 p - a potion of invisibility {unknown}
 r - 3 potions of flight
 s - 2 potions of agility {unknown}
 u - a potion of brilliance {unknown}
 v - 4 potions of lignification
 z - 4 potions of curing
 C - 2 potions of beneficial mutation {unknown}
 D - 2 potions of mutation {unknown}
 E - a potion of degeneration {unknown}
 F - 2 potions of resistance {unknown}
Comestibles
 f - 6 bread rations
 A - a slice of pizza
 G - 6 beef jerkies
 M - a meat ration


   Skills:
 - Level 3.2 Fighting
 + Level 10.0 Maces & Flails
 - Level 3.2 Armour
 - Level 3.2 Shields
 + Level 9.2 Invocations


You had 8 spell levels left.
You didn't know any spells.

Dungeon Overview and Level Annotations

Branches:
Dungeon (10/15)
 Temple: D:4-7         Lair: D:8-11         Orc: D:9-12

Altars:
Ashenzari
Cheibriados
Fedhas
Kikubaaqudgha
Nemelex Xobeh
Sif Muna
Vehumet
Yredelemnul
The Shining One

Shops:
D:4 [   D:7 (

Annotations:
D:10 exclusion: ice statue


Innate Abilities, Weirdness & Mutations

You are resistant to torment.
Your stone body is resilient (AC +5).
You are immune to poison.
You resist negative energy.
You are resistant to electric shocks.
You can survive without breathing.
You are immune to petrification.
You are immune to rotting.


Message History

Press: ? - help, Shift-Dir - straight line, f/p - ice statue
Aim: an ice statue (lightly damaged, magic immune)
Okay, then.
You see here a fuming brown potion.
The ice statue gestures at you.
Found 30 gold pieces.
Found 27 gold pieces.
You see here 10 gold pieces.
The ice statue gestures at you. The freezing blast engulfs you!
You are engulfed in freezing vapours.
The ice statue gestures at you. The freezing blast engulfs you!
You are engulfed in freezing vapours.
* * * LOW HITPOINT WARNING * * *
The ice statue gestures at you. The bolt of cold hits you!
Ouch! That really hurt!
You die...
Fedhas appreciates your contribution to the ecosystem.

.........!/.........
..####.#............
#................
##§..............
##§..$.###........
##§§.§.## #####....
##§§§§§## ....
#§§8§§## .## ##§@§##
##§## ###


You could see an ice statue.

Vanquished Creatures
  A two-headed ogre (D:10)
  2 sky beasts (D:6)
  A black bear (D:7)
  A phantom (D:4)
  4 ogres
  A centaur (D:5)
  A big kobold (D:6)
  2 giant frogs (D:6)
  2 water moccasin zombies (Ossuary)
  A scorpion (D:5)
  3 wights (D:5)
  A howler monkey (D:4)
  3 crimson imps
  A gnoll shaman (D:6)
  2 hounds
  A quasit (D:5)
  Crazy Yiuf (D:3)
  A centaur skeleton (D:6)
  3 jellies
  2 orc wizards (D:4)
  2 worker ants
  A big kobold zombie (Ossuary)
  A hound zombie (D:5)
  A hound skeleton (D:4)
  2 mummies (Ossuary)
  5 gnolls (D:6)
  5 adders
  An ooze (D:3)
  3 worms (D:3)
  An adder skeleton (D:4)
  7 adder zombies (Ossuary)
  A dart slug (D:1)
  4 giant geckos
  10 orcs
  3 giant cockroaches
  6 gnoll zombies (Ossuary)
  7 goblins
  5 hobgoblins
  17 jackals
  13 kobolds
  3 quokkas
  A ball python (D:1)
  6 bats
  6 giant newts
  6 hobgoblin zombies (Ossuary)
  A jackal zombie (D:6)
  6 kobold zombies (Ossuary)
  6 orc zombies (Ossuary)
  17 rats
181 creatures vanquished.

Vanquished Creatures (collateral kills)
  A hippogriff (D:7)
  A hungry ghost (D:7)
  An ice beast (D:6)
  An orc warrior (D:6)
  2 ogres (D:4)
  A giant frog (D:6)
  A hound (D:3)
  2 orc wizards
  7 orcs
  A bat (D:3)
  A kobold (D:3)
  A quokka (D:3)
20 creatures vanquished.

Vanquished Creatures (others)
  5 wandering mushrooms
  95 toadstools
100 creatures vanquished.

Grand Total: 301 creatures vanquished

Notes
Turn   | Place    | Note
--------------------------------------------------------------
     0 | D:1      | shinino the Gargoyle Fighter began the quest for the Orb.
     0 | D:1      | Reached XP level 1. HP: 14/14 MP: 1/1
   100 | D:1      | Reached XP level 2. HP: 19/19 MP: 2/2
   185 | D:1      | Reached skill level 3 in Maces & Flails
   259 | D:1      | Reached XP level 3. HP: 20/23 MP: 3/3
   940 | D:2      | Reached skill level 4 in Maces & Flails
  1113 | D:2      | Reached XP level 4. HP: 28/28 MP: 4/4
  1961 | D:3      | Found a faded altar to an unknown god.
  1983 | D:3      | Became a worshipper of Fedhas Madash
  1983 | D:3      | Reached * piety under Fedhas
  2015 | D:3      | Found a basalt altar of Yredelemnul.
  2018 | D:3      | Found an ancient bone altar of Kikubaaqudgha.
  2021 | D:3      | Found a radiant altar of Vehumet.
  2023 | D:3      | Found a deep blue altar of Sif Muna.
  2186 | D:3      | Noticed Crazy Yiuf
  2196 | D:3      | Killed Crazy Yiuf
  2196 | D:3      | Reached skill level 5 in Maces & Flails
  2196 | D:3      | Reached XP level 5. HP: 20/32 MP: 5/5
  2666 | D:3      | Reached skill level 1 in Invocations
  2683 | D:3      | Found a glowing golden altar of the Shining One.
  2805 | D:4      | Noticed an ogre
  2814 | D:4      | Killed an ogre
  2814 | D:4      | Reached XP level 6. HP: 16/37 MP: 5/7
  3040 | D:4      | Found a shattered altar of Ashenzari.
  3075 | D:4      | Reached skill level 6 in Maces & Flails
  3597 | D:4      | Noticed a phantom
  3610 | D:4      | Killed a phantom
  3610 | D:4      | Reached XP level 7. HP: 38/41 MP: 9/9
  3632 | D:4      | Found Wulutedo's Armour Emporium.
  3641 | D:4      | Bought a +0 pair of boots for 49 gold pieces
  3907 | D:4      | Reached ** piety under Fedhas
  3939 | D:4      | Found a snail-covered altar of Cheibriados.
  3948 | D:4      | Found a sparkling altar of Nemelex Xobeh.
  4078 | D:5      | Entered Level 5 of the Dungeon
  4107 | D:5      | Found a sand-covered staircase.
  4115 | Ossuary  | Entered an ossuary
  4233 | Ossuary  | Reached skill level 7 in Maces & Flails
  4252 | Ossuary  | Reached skill level 5 in Invocations
  4535 | D:5      | Reached XP level 8. HP: 45/46 MP: 9/12
  4875 | D:6      | Got a translucent mace
  4876 | D:6      | Identified the +6 mace "Wawur" {drain, rElec} (You found it on level 6 of the Dungeon)
  4882 | D:6      | Reached skill level 8 in Maces & Flails
  5126 | D:6      | Reached XP level 9. HP: 48/51 MP: 14/14
  5142 | D:6      | Reached skill level 9 in Maces & Flails
  5548 | D:7      | Found Soditobb's Antique Weapon Boutique.
  5877 | D:7      | Got a twisted mace
  5878 | D:7      | Identified the +6 mace "Dej Mou" {crush, rF+} (You found it on level 7 of the Dungeon)
  5899 | D:7      | You fall through a shaft for 3 floors!
  5899 | D:10     | Entered Level 10 of the Dungeon
  5929 | D:10     | Noticed a two-headed ogre
  5934 | D:10     | Killed a two-headed ogre
  5954 | D:10     | Reached skill level 10 in Maces & Flails
  5974 | D:10     | Noticed an ice statue
  5989 | D:10     | Killed from afar by an ice statue

Skill      XL: |  1  2  3  4  5  6  7  8  9 |
---------------+----------------------------+-----
Maces & Flails | 3 4 5 6 7 8 10 | 10.0
Invocations    | 2 3 5 7 9 |  9.2
Fighting       | |  3.2
Armour         | |  3.2
Shields        | |  3.2

Action                   |  1- 3 |  4- 6 |  7- 9 || total
-------------------------+-------+-------+-------++-------
Melee: Flail             |   166 |   234 |   296 ||   696
       Mace              |       |       |   124 ||   124
Invok: Evolution         |       |     4 |    12 ||    16
Evoke: Wand              |       |       |     5 ||     5
  Use: Scroll            |       |     5 |     3 ||     8
 Stab: Confused          |       |       |     1 ||     1
  Eat: Beef jerky        |     1 |       |     2 ||     3
       Meat ration       |       |     1 |       ||     1
       Fruit             |       |     1 |       ||     1
       Bread ration      |       |     1 |     1 ||     2
Armor: Scale mail        |    97 |   105 |   217 ||   419
Dodge: Dodged            |    41 |    33 |    66 ||   140
Block: Shield            |    11 |       |       ||    11
       Large shield      |   140 |   226 |   402 ||   768
